 Dungeon Crawl Stone Soup version 0.26-a0-651-gb41185065b (webtiles) character file.

Game seed: 5960021407779782591

28 Irenicus the Chopper (level 3, 22/32 HPs)
             Began as a Deep Dwarf Gladiator on Oct 5, 2020.
             Quit the game on level 1 of the Dungeon.
             The game lasted 00:02:06 (377 turns).

Irenicus the Chopper (Deep Dwarf Gladiator)          Turns: 377, Time: 00:02:06

Health: 22/32      AC:  6    Str: 17    XL:     3   Next: 0%
Magic:  3/3        EV: 12    Int:  9    God:
Gold:   42         SH:  0    Dex: 14    Spells: 2/2 levels left

rFire    . . .     SeeInvis .   a - +0 war axe
rCold    . . .     Faith    .   (no shield)
rNeg     . . .     Spirit   .   f - +0 ring mail
rPois    .         Reflect  .   c - +0 helmet
rElec    .         Harm     .   (no cloak)
rCorr    .         Rampage  .   (no gloves)
MR       .....                  (no boots)
Stlth    +.........             (no amulet)
HPRegen  0.00/turn              (no ring)
MPRegen  0.08/turn              (no ring)

@: non-regenerating
A: damage resistance, heal wounds, sense surroundings 1, no regeneration
a: Heal Wounds


You were on level 1 of the Dungeon.
You visited 1 branch of the dungeon, and saw 1 of its levels.

You collected 42 gold pieces.

Inventory:

Hand Weapons
 a - a +0 war axe (weapon)
 j - a +1 mace of protection
   (You found it on level 1 of the Dungeon)
Missiles
 d - 3 throwing nets {=f, !d}
Armour
 c - a +0 helmet (worn)
 f - a +0 ring mail (worn)
   (You found it on level 1 of the Dungeon)
Scrolls
 b - 3 scrolls of teleportation {unknown}
 e - 5 scrolls of identify {unknown}
 k - a scroll of immolation {unknown}
 l - a scroll of fog {unknown}
Potions
 g - a potion of lignification {unknown}
 h - a potion of heal wounds {unknown}
 i - a potion of invisibility {unknown}
 m - 2 potions of stabbing {unknown}


   Skills:
 - Level 1.7 Fighting
 + Level 4.6 Axes
 - Level 1.7 Throwing
 - Level 3.2 Dodging


You had 2 spell levels left.
You didn't know any spells.
Your spell library was empty.

Dungeon Overview and Level Annotations

Branches:
Dungeon (1/15)

Altars:


Innate Abilities, Weirdness & Mutations

You are resistant to damage.
You can heal yourself by infusing magical energy.
You passively map a small area around you.
You do not regenerate.


Message History

The hobgoblin shouts!
You barely miss the hobgoblin. The hobgoblin hits you.
A frilled lizard comes into view.
You take 1 damage, and have 18/26 hp.
The frilled lizard hisses angrily.
You hit the hobgoblin.
You kill the hobgoblin!
You see here 3 scrolls labeled JOBRAD XA SABB.
e - 4 scrolls labeled JOBRAD XA SABB (gained 3)
The frilled lizard hisses.
The frilled lizard barely misses you.
You barely miss the frilled lizard. The frilled lizard misses you.
You closely miss the frilled lizard. You barely miss the frilled lizard.
The frilled lizard barely misses you. The frilled lizard misses you.
The frilled lizard bites you but does no damage.
You closely miss the frilled lizard. x2; The frilled lizard barely misses you.
The frilled lizard bites you.
You hit the frilled lizard.
You kill the frilled lizard!
You miss the frilled lizard. The frilled lizard barely misses you.
The frilled lizard closely misses you.
You barely miss the frilled lizard.
The frilled lizard closely misses you. x2
You slash the frilled lizard!
You kill the frilled lizard!
A jackal comes into view.
The jackal barks!
A jackal comes into view.
A jackal comes into view.
You hit the jackal.
The jackal is almost dead.
The jackal misses you. The jackal closely misses you.
You hit the jackal but do no damage.
The jackal is almost dead.
The jackal bites you but does no damage.
The jackal barely misses you.
You closely miss the jackal.
The jackal is almost dead.
The jackal barely misses you.
You slash the jackal!
You kill the jackal!
The jackal pauses to sniff the ground.
The jackal barely misses you.
You slash the jackal!
You kill the jackal!
The jackal bites you but does no damage.
You hit the jackal.
The jackal is almost dead.
The jackal closely misses you.
You hit the jackal but do no damage.
The jackal is almost dead.
The jackal bites you but does no damage. x2
You barely miss the jackal.
The jackal is severely wounded.
The jackal bites you.
The jackal bites you but does no damage.
You hit the jackal.
You kill the jackal!
You see here a jackal corpse.
You now have 42 gold pieces (gained 10).
Search for what [? for help]? throw Unknown command.
A frilled lizard and a bat come into view.
The frilled lizard hisses angrily.
The bat moves out of view.
The frilled lizard closely misses you.
You slash the frilled lizard!
You kill the frilled lizard!
The bat closely misses you. x2
You closely miss the bat. The bat barely misses you. The bat barely misses you.
The bat completely misses you. The bat closely misses you.
The bat hits you but does no damage. x2
Found 2 sedimented dark potions and a scroll labeled JOBRAD XA SABB.
Found a stone staircase leading down.
The bat hits you but does no damage. The bat barely misses you.
You closely miss the bat. The bat hits you. The bat closely misses you.
You hit the bat.
You kill the bat!
m - 2 sedimented dark potions A kobold comes into view.
You see here a scroll labeled JOBRAD XA SABB.
e - 5 scrolls labeled JOBRAD XA SABB (gained 1)
You barely miss the kobold. The kobold hits you but does no damage.
You barely miss the kobold. The kobold closely misses you. The kobold hits you.
You closely miss the kobold. The kobold hits you but does no damage.
You hit the kobold.
The kobold is severely wounded.
The kobold hits you but does no damage.
You closely miss the kobold.
The kobold is severely wounded.
The kobold hits you.
You slash the kobold!
You kill the kobold!
You have reached level 3!
Your experience leads to an increase in your attributes!
Increase (s)trength, (i)ntelligence, or (d)exterity?
You feel clever.
You regained 4 hp, and now have 22/32 hp.
MP restored: 3 Are you sure you want to abandon this character and quit the game? (Confirm with "yes".)

#''###.## *+
* ,
....##.#*,
*, *
.<..+... ,
##*## *
....+... #.
.. *
#####...
#.*.#, * *
#.#.# # , ,
... .# **
#######.##.#
,
#......@...#
,
...#####.###
* #.# * #.#
* * #.# #.#
#.#
#.#####.#
#....(..#


There were no monsters in sight!

Vanquished Creatures
  2 leopard geckos (D:1)
  A bat (D:1)
  4 hobgoblins (D:1)
  7 jackals (D:1)
  6 frilled lizards (D:1)
  3 kobolds (D:1)
23 creatures vanquished.

Notes
Turn   | Place    | Note
-------+----------+-------------------------------------------
     0 | D:1      | Irenicus the Deep Dwarf Gladiator began the quest for the
                  | Orb.
     0 | D:1      | Reached XP level 1. HP: 19/19 MP: 1/1
   151 | D:1      | Reached skill level 4 in Axes
   151 | D:1      | Reached XP level 2. HP: 23/26 MP: 2/2
   371 | D:1      | Reached XP level 3. HP: 22/32 MP: 3/3
   377 | D:1      | Quit the game

Illustrated notes

Levels and vault maps discovered:
D:1:      dpeg_arrival_houses_and_road, layout_loops_ring, hex_tiny

Skill      XL: |  1 |
---------------+----+-----
Axes           | 4 |  4.6
Fighting       | |  1.7
Throwing       | |  1.7
Dodging        | |  3.2

Action                   || total
-------------------------++-------
Melee: War axe           ||    54
       Mace              ||     5
Armor: Leather armour    ||     4
       Ring mail         ||    18
Dodge: Dodged            ||    43

Table legend: (Time is in decaauts)
 A = Elapsed time spent in this place.
 B = Non-inter-level travel time spent in this place.
 C = Inter-level travel time spent in this place.
 D = Time resting spent in this place.
 E = Time spent auto-exploring this place.
 F = Levels seen in this place.
 G = Mean time per level.
                   A        B        C        D        E       F      G
               +--------+--------+--------+--------+--------+-----+--------+
         Total |    393 |    393 |      0 |      0 |      0 |   1 |  393.0 |
       Dungeon |    393 |    393 |      0 |      0 |      0 |   1 |  393.0 |
               +--------+--------+--------+--------+--------+-----+--------+

Top non-repeatable levels by time:
     D:1: 393 daAuts

Table legend:
 A = Kills in this place as a percentage of kills in entire the game.
 B = Kills by you in this place as a percentage of kills by you in the entire game.
 C = Kills by friends in this place as a percentage of kills by friends in the entire game.
 D = Other kills in this place as a percentage of other kills in the entire game.
 E = Experience gained in this place as a percentage of experience gained in the entire game.
 F = Experience gained in this place divided by the number of levels of this place that you have seen.
                   A       B       C       D       E      F
               +-------+-------+-------+-------+-------+----------------------
         Total | 100.0 | 100.0 |   N/A |   N/A | 100.0 |  41.0
       Dungeon | 100.0 | 100.0 |   N/A |   N/A | 100.0 |  41.0
               +-------+-------+-------+-------+-------+----------------------
